 Dungeon Crawl Stone Soup version 0.31.0-12-g77e489cdc1 (webtiles) character file.

Game seed: 11655158682049928312

21877 hawla the Severer (level 12, -3/94 HPs)
             Began as a Minotaur Fighter on Feb 16, 2024.
             Was an Initiate of Yredelemnul.
             Slain by a three-headed hydra (11 damage)
             ... on level 14 of the Dungeon.
             The game lasted 00:35:15 (14895 turns).

hawla the Severer (Minotaur Fighter)               Turns: 14895, Time: 00:35:17

Health: -3/94      AC: 11    Str: 26    XL:     12   Next: 58%
Magic:  0/17       EV: 12    Int:  5    God:    Yredelemnul [......]
Gold:   792        SH: 15    Dex: 16    Spells: 11/11 levels left

rFire   + . .        I - +1 scimitar (flame)
rCold   + . .        N - +3 kite shield
rNeg    . . .        B - +1 scale mail {rC+}
rPois   .            P - +0 hat
rElec   .            (no cloak)
rCorr   .            E - +0 pair of gloves
SInv    .            (no boots)
Will    .....        y - amulet of guardian spirit Stlth
                     L - +6 ring of dexterity
HPRegen 0.35/turn    k - ring of protection from fire
MPRegen 0.15/turn

%: guardian spirit
@: mighty, weakened
A: horns 2, retaliatory headbutt
a: Renounce Religion, Recall Undead Harvest


You were on level 14 of the Dungeon.
You worshipped Yredelemnul.
Yredelemnul was aware of your devotion.
You visited 1 branch of the dungeon, and saw 14 of its levels.
You also visited: Sewer.

You collected 792 gold pieces.

Inventory:

Hand Weapons
 a - a +3 war axe
 I - a +1 scimitar of flaming (weapon)
Missiles
 h - 43 poisoned darts (quivered)
 F - 2 curare-tipped darts
 J - 6 darts of dispersal
Armour
 c - a +0 plate armour
 B - a +1 scale mail of cold resistance (worn)
 E - a +0 pair of gloves (worn)
 N - a +3 kite shield (worn)
 P - a +0 hat (worn)
Jewellery
 g - a ring of positive energy
 k - a ring of protection from fire (right hand)
 m - an amulet of regeneration
 x - a ring of positive energy
 y - an amulet of guardian spirit (around neck)
 C - a +6 ring of intelligence
 L - a +6 ring of dexterity (left hand)
 Q - a ring of protection from fire
Wands
 o - a wand of mindburst (1)
 s - a wand of digging (4)
 t - a wand of flame (28)
 D - a wand of iceblast (4)
 K - a wand of polymorph (8)
Scrolls
 b - 6 scrolls of teleportation
 e - 4 scrolls of revelation
 j - a scroll of silence
 n - 4 scrolls of vulnerability
 r - 6 scrolls of immolation
 z - a scroll of fear
 O - a scroll of fog
Potions
 d - 3 potions of might
 i - 4 potions of curing
 l - 2 potions of berserk rage
 p - a potion of haste
 q - 3 potions of attraction
 u - a potion of brilliance {unknown}
 v - a potion of magic {unknown}
 w - a potion of resistance
 A - 2 potions of invisibility {unknown}
 H - a potion of experience {unknown}
 M - a potion of mutation {unknown}


   Skills:
 - Level 5.0 Fighting
 - Level 16.0 Axes
 - Level 6.0 Throwing
 - Level 10.0 Armour
 - Level 5.0 Dodging
 - Level 10.0 Shields
 + Level 8.7 Invocations
 - Level 3.0 Evocations


You had 11 spell levels left.
You didn't know any spells.
Your spell library was empty.

Dungeon Overview and Level Annotations

Branches:
Dungeon (14/15)            Temple (0/1) D:6            Lair (0/5) D:11
    Orc (0/2) D:9           Sewer (visited)
 Vaults: D:13-14

Altars:
Ashenzari
Elyvilon
Fedhas
Hepliaklqana
Kikubaaqudgha
Nemelex Xobeh
Okawaru
Trog
Uskayaw
Vehumet
Yredelemnul
The Shining One

Shops:
D:14 ?

Annotations:
D:6 unlimited1921's ghost, novice DjFE


Innate Abilities, Weirdness & Mutations

You have a pair of horns on your head.
You reflexively headbutt those who attack you in melee.


Message History

Unknown command.
Aiming: Throw Flame
Press: ? - help, Shift-Dir - straight line, f/p - kobold demonologist
Aim: a kobold demonologist, wielding a +4 dagger and wearing a +0 robe (moderately wounded, 60% to hit)
The puff of flame hits the orange demon.
The orange demon is moderately wounded.
The orange demon stings you!
* * * LOW HITPOINT WARNING * * *
You are lethally poisoned!
The orange demon poisons you! You block the orange demon's attack.
You feel better. The orange demon stings you.
* * * LOW HITPOINT WARNING * * *
You block the orange demon's attack.
Your surroundings suddenly seem different.
A five-headed hydra comes into view.
The five-headed hydra roars!
Okay, then.
You feel very mighty all of a sudden.
You hack one of the five-headed hydra's heads off!
The flame cauterises the wound!
You hit the four-headed hydra. You burn the four-headed hydra.
The four-headed hydra is lightly wounded.
You block the four-headed hydra's attack. x2
The four-headed hydra bites you!
* * * LOW HITPOINT WARNING * * *
The four-headed hydra bites you.
* * * LOW HITPOINT WARNING * * *
You hack one of the four-headed hydra's heads off!
The flame cauterises the wound!
You slash the three-headed hydra! You burn the three-headed hydra.
You headbutt the three-headed hydra.
The three-headed hydra is moderately wounded.
The three-headed hydra bites you but does no damage.
You block the three-headed hydra's attack.
The three-headed hydra bites you but does no damage.
You block the three-headed hydra's attack.
The three-headed hydra bites you!
* * * LOW HITPOINT WARNING * * *
The three-headed hydra bites you!
You die...
Your body rises from the dead as a mindless zombie.

....>.......#
#.........
....<....u..#
#......?..
######......#
#...$....≈
...u..#
#######
########.≈
#.@.......
#.D.......
#.........
#.........
#.........
#.........
##########


You could see a three-headed hydra.

Vanquished Creatures
  A centaur warrior (D:13)
  A hydra (D:14)
  Erica (D:11)
  3 two-headed ogres
  3 boulder beetles
  A tengu warrior (D:14)
  A harpy (D:14)
  Pikel (D:5)
  2 cyclopes (D:11)
  2 ugly things
  A manticore (D:12)
  A meliai (D:14)
  An unseen horror (D:12)
  A gargoyle (D:12)
  A kobold demonologist (D:11)
  A tengu conjurer (D:14)
  3 trolls (D:13)
  Prince Ribbit (D:7)
  4 slime creatures (D:14)
  A wraith (D:10)
  7 yaks
  2 shadows
  A wyvern (D:9)
  A warg (D:9)
  6 vampire mosquitoes (D:12)
  An acid dragon (D:11)
  Duvessa (D:7)
  2 orc warriors
  A black bear (D:8)
  3 ice beasts (D:6)
  An ogre (D:7)
  2 centaurs
  2 wolves (D:11)
  2 phantoms
  4 kobold brigands
  3 bullfrogs
  A gnoll sergeant (D:7)
  A scorpion (D:6)
  A water moccasin zombie (D:6)
  Dowan (D:7)
  6 wights (D:8)
  14 killer bees
  2 howler monkeys
  2 electric eels (D:12)
  A centaur zombie (D:6)
  2 bombardier beetles (D:5)
  4 hounds
  7 orc priests
  A sleepcap (D:5)
  An iguana (D:5)
  6 orc wizards
  3 gnolls (D:7)
  15 adders
  A river rat (Sewer)
  A shadow imp (D:7)
  3 white imps
  2 ufetubi (D:7)
  2 dart slugs
  5 ribbon worms
  42 orcs
  5 bats
  11 endoplasms
  7 giant cockroaches
  10 hobgoblins
  7 jackals
  6 quokkas
  9 ball pythons
  8 frilled lizards
  5 goblins
  28 kobolds
  9 rats
299 creatures vanquished.

Vanquished Creatures (collateral kills)
  A deep elf pyromancer (D:12)
  A meliai (D:14)
  A freezing wraith (D:11)
  A troll (D:13)
  A polar bear (shapeshifter) (D:14)
  A hornet (D:9)
  A slime creature (D:14)
  5 yaks (D:9)
  A wraith (D:13)
  A warg (D:11)
  An ice beast (D:8)
  2 sky beasts
  2 orc warriors (D:9)
  A centaur (D:9)
  A gnoll sergeant (D:9)
  A bullfrog (D:8)
  3 killer bees
  A jelly (D:8)
  An orc wizard (D:11)
  An adder (D:6)
  3 orcs
31 creatures vanquished.

Vanquished Creatures (others)
  A meliai zombie (D:14)
  3 slime creature zombies (D:14)
  A two-headed ogre zombie (D:10)
  A tengu zombie (D:14)
  2 yak zombies (D:9)
  A wolf zombie (D:11)
  2 centaur zombies
  3 killer bee zombies
  A howler monkey zombie (D:10)
  An elf zombie (D:7)
  A spectral shadow imp (D:7)
  2 gnoll zombies (D:7)
  A quokka (D:3)
  15 orc zombies
35 creatures vanquished.

Grand Total: 365 creatures vanquished

Notes
Turn   | Place    | Note
-------+----------+-------------------------------------------
     0 | D:1      | hawla the Minotaur Fighter began the quest for the Orb.
     0 | D:1      | Reached XP level 1. HP: 19/19 MP: 0/0
   462 | D:1      | Reached XP level 2. HP: 27/27 MP: 1/1
   523 | D:1      | Reached skill level 1 in Dodging
   543 | D:1      | Found a faded altar of an unknown god.
  1016 | D:2      | Reached XP level 3. HP: 33/33 MP: 2/2
  1265 | D:2      | Reached XP level 4. HP: 41/41 MP: 3/3
  1295 | D:2      | Identified the +2 leather armour of the Heavens {rF- MP+9
                  | Str+2}
  1703 | D:3      | Found an iron altar of Okawaru.
  1706 | D:3      | Found a hazy altar of Hepliaklqana.
  1706 | D:3      | Found a broken altar of Ashenzari.
  1706 | D:3      | Found an ancient bone altar of Kikubaaqudgha.
  1920 | D:3      | Found a radiant altar of Vehumet.
  2140 | D:3      | Found a white marble altar of Elyvilon.
  2234 | D:3      | Reached skill level 5 in Fighting
  2234 | D:3      | Reached skill level 5 in Shields
  2234 | D:3      | Reached XP level 5. HP: 16/48 MP: 4/4
  2614 | D:4      | Found a hide-covered altar of Uskayaw.
  2857 | D:4      | Found a glowing drain.
  2861 | Sewer    | Entered a sewer
  3033 | Sewer    | Reached XP level 6. HP: 36/56 MP: 5/5
  3037 | Sewer    | Reached skill level 5 in Dodging
  3288 | Sewer    | Reached skill level 1 in Evocations
  3373 | D:4      | Found a sparkling altar of Nemelex Xobeh.
  3581 | D:5      | Entered Level 5 of the Dungeon
  3662 | D:5      | Noticed Pikel
  3668 | D:5      | Killed Pikel
  3669 | D:5      | Reached XP level 7. HP: 29/61 MP: 6/6
  3995 | D:5      | Reached skill level 5 in Throwing
  4232 | D:5      | Reached XP level 8. HP: 63/68 MP: 7/7
  4311 | D:5      | You fall into a shaft and drop 1 floor!
  4610 | D:6      | Reached skill level 5 in Armour
  4763 | D:6      | Found a basalt altar of Yredelemnul.
  4817 | D:6      | Became a worshipper of Yredelemnul the Dark
  5063 | D:6      | Found a bloodstained altar of Trog.
  5124 | D:6      | Noticed unlimited1921's ghost (novice DjFE)
  5133 | D:6      | Found a runed translucent door.
  5226 | D:6      | Reached * piety under Yredelemnul
  5280 | D:6      | Reached ** piety under Yredelemnul
  5450 | D:6      | Found a staircase to the Ecumenical Temple.
  5846 | D:7      | Reached XP level 9. HP: 74/74 MP: 8/8
  6316 | D:7      | Reached skill level 10 in Armour
  6416 | D:7      | Found a glowing golden altar of the Shining One.
  6416 | D:7      | Noticed Prince Ribbit
  6420 | D:7      | Killed Prince Ribbit
  6421 | D:7      | Reached skill level 4 in Axes
  6485 | D:7      | Noticed Dowan
  6487 | D:7      | Noticed Duvessa
  6498 | D:7      | Killed Duvessa
  6499 | D:7      | Killed Dowan
  6662 | D:7      | Reached skill level 5 in Axes
  6685 | D:7      | Reached skill level 6 in Axes
  7186 | D:7      | Your ally Dowan died
  7449 | D:8      | Reached skill level 7 in Axes
  7629 | D:8      | Reached skill level 8 in Axes
  7851 | D:8      | Reached *** piety under Yredelemnul
  7852 | D:8      | Reached skill level 9 in Axes
  7860 | D:8      | Reached XP level 10. HP: 60/81 MP: 7/9
  7872 | D:8      | Reached skill level 10 in Axes
  8598 | D:9      | Reached skill level 11 in Axes
  8619 | D:9      | HP: 3/81 [centaur/arrow (6)]
  8873 | D:9      | Found a staircase to the Orcish Mines.
  8900 | D:9      | Reached skill level 12 in Axes
  8984 | D:9      | Found a blossoming altar of Fedhas.
  9108 | D:9      | Reached skill level 13 in Axes
  9730 | D:10     | Entered Level 10 of the Dungeon
  9738 | D:10     | Noticed a two-headed ogre
  9745 | D:10     | Killed a two-headed ogre
  9845 | D:10     | Reached skill level 14 in Axes
 10061 | D:10     | Reached XP level 11. HP: 86/86 MP: 10/10
 10698 | D:11     | Reached skill level 15 in Axes
 10702 | D:11     | Noticed a brown ugly thing
 10944 | D:11     | Killed a brown ugly thing
 11197 | D:11     | Noticed Erica
 11202 | D:11     | Killed Erica
 11274 | D:11     | Found a staircase to the Lair.
 11285 | D:11     | Reached skill level 16 in Axes
 11711 | D:11     | Noticed a boulder beetle
 11729 | D:11     | Killed a boulder beetle
 11730 | D:11     | Reached skill level 1 in Invocations
 12078 | D:12     | Noticed a boulder beetle
 12087 | D:12     | Killed a boulder beetle
 12411 | D:12     | Noticed a boulder beetle
 12448 | D:12     | Killed a boulder beetle
 12682 | D:12     | Noticed a two-headed ogre
 12692 | D:12     | Killed a two-headed ogre
 13469 | D:12     | Reached skill level 5 in Invocations
 13484 | D:12     | Noticed a deep elf pyromancer
 13489 | D:12     | Killed a deep elf pyromancer
 13490 | D:12     | Reached XP level 12. HP: 76/94 MP: 12/14
 13584 | D:13     | Noticed a two-headed ogre
 13586 | D:13     | Noticed a centaur warrior
 13592 | D:13     | Killed a two-headed ogre
 13604 | D:13     | Killed a centaur warrior
 14199 | D:13     | Found an iron altar of Okawaru.
 14684 | D:14     | Found Igoekhler's Magic Scroll Shoppe.
 14693 | D:14     | Noticed a tengu warrior
 14714 | D:14     | Killed a tengu warrior
 14715 | D:14     | Reached skill level 10 in Shields
 14866 | D:14     | Noticed an eight-headed hydra
 14882 | D:14     | Killed a seven-headed hydra
 14892 | D:14     | Noticed a five-headed hydra
 14895 | D:14     | Slain by a three-headed hydra

Illustrated notes

Levels and vault maps discovered:
D:1:      nicolae_arrival_somewhat_less_tricky_arrival, layout_basic,
          hellmonk_ecumenical_altar_run_dry, minivault_14
D:2:      minmay_inner_zag, layout_rooms, nicolae_twisty_statue_hallways
D:3:      layout_basic, elyvilon_altar_4, fiery_altar_vehumet,
          grunt_temple_overflow_open, kennysheep_cross_room
D:4:      layout_gridville, nemelex_dance_club_becter,
          eat_drink_and_be_merry_uskayaw, gup_sewer_entry_spiral
D:5:      layout_basic, uniq_pikel
D:6:      layout_loops_cross, lemuel_zombie_altar_yredelemnul,
          trog_hazing_becter, minmay_temple_entry_mist,
          hellmonk_ghost_happy_afterlife,
          serial_library_regret_index_branch_corner, nicolae_the_louvre
D:7:      layout_layer_cave, tso_altar, uniq_prince_ribbit1, uniq_duvessa
D:8:      nicolae_cairo_tiling, layout_basic
D:9:      layout_irregular_city, fedhas_altar_2, david_orc_3,
          mrwooster_statue_mirror, st_stairs_7
D:10:     layout_loops_cross, eino_jars
D:11:     layout_loops_ring, erik_lair_orcish_takeover,
          minmay_misc_feat_pillars, uniq_erica
D:12:     layout_loops_ring, kennysheep_potato
D:13:     layout_loops_ring, kennysheep_okawaru_gauntlet
D:14:     layout_roguey, ximxim_vaults_locker_room, nicolae_lava_and_water,
          serial_shops, nicolae_inconvenience_store

Skill      XL: |  1  2  3  4  5  6  7  8  9 10 11 12 |
---------------+-------------------------------------+-----
Dodging        | 1 2 3 4 5 |  5.0
Fighting       | 4 5 |  5.0
Shields        | 4 5 8 10 | 10.0
Evocations     | 3 |  3.0
Throwing       | 4 5 6 |  6.0
Armour         | 9 10 | 10.0
Axes           | 9 14 16 | 16.0
Invocations    | 5 8 |  8.7

Action                     |  1- 3 |  4- 6 |  7- 9 | 10-12 || total
---------------------------+-------+-------+-------+-------++-------
  Melee: War axe           |    68 |   178 |   295 |   356 ||   897
         Headbutt          |     7 |    28 |    54 |   104 ||   193
         Scimitar          |       |       |       |     5 ||     5
 Invoke: Recall Undead Har |       |       |     1 |     1 ||     2
  Evoke: Wand              |       |       |     5 |    37 ||    42
    Use: Scroll            |     3 |     4 |     1 |    17 ||    25
         Potion            |       |       |     5 |     3 ||     8
   Stab: Distracted        |       |       |     1 |     3 ||     4
         Paralysed         |       |       |       |     4 ||     4
 Armour: Scale mail        |    39 |    38 |   278 |   270 ||   625
         Chain mail        |       |    85 |    27 |       ||   112
  Dodge: Dodged            |    44 |    85 |   189 |   167 ||   485
  Block: Buckler           |    19 |    40 |    70 |    31 ||   160
         Kite shield       |       |       |       |   233 ||   233
